 Dungeon Crawl Stone Soup version 0.22-a0-278-g8f80174 (webtiles) character file.

3363 GizzardofKazz the Magician (level 10, -1/79 HPs)
             Began as a Gnoll Skald on Mar 15, 2018.
             Was an Elder of Okawaru.
             Slain by an orc warrior
             ... wielding a +0 long sword
              (16 damage)
             ... on level 8 of the Dungeon.
             The game lasted 00:42:16 (8736 turns).

GizzardofKazz the Magician (Gnoll Skald)            Turns: 8736, Time: 00:42:16

Health: -1/79      AC: -6    Str: 21    XL:     10   Next: 3%
Magic:  15/20      EV: 17    Int: 16    God:    Okawaru [****..]
Gold:   401        SH:  6    Dex: 20    Spells: 5/23 levels left

rFire    . . .     SeeInvis .   D - +1 flail (drain)
rCold    . . .     Gourm    .   C - +0 buckler
rNeg     . . .     Faith    .   b - +0 leather armour
rPois    .         Spirit   .   (no helmet)
rElec    .         Reflect  .   B - +0 cloak
rCorr    .         Harm     .   v - +1 pair of gloves
MR       .....                  m - +0 pair of boots
Stlth    +++.......             (no amulet)
HPRegen  0.23/turn              s - +3 ring of dexterity
MPRegen  0.17/turn              (no ring)

@: mighty, infused, singing (expiring), corroded
A: distributed training, fangs 1, rugged brown scales 1, agile 1, strong nose
a: Heroism, Renounce Religion


You were on level 8 of the Dungeon.
You worshipped Okawaru.
Okawaru was greatly pleased with you.
You were not hungry.

You visited 1 branch of the dungeon, and saw 8 of its levels.

You collected 401 gold pieces.

Inventory:

Hand Weapons
 a - a +0 mace
 e - a +0 whip
 D - a +1 flail of draining (weapon)
Armour
 b - a +0 leather armour (worn)
 m - a +0 pair of boots (worn)
 v - a +1 pair of gloves (worn)
 B - a +0 cloak (worn)
 C - a +0 buckler (worn)
Magical Staves
 u - an uncursed staff of wizardry
Jewellery
 s - a +3 ring of dexterity (left hand)
Wands
 p - a wand of polymorph (12)
 x - a wand of scattershot (4)
 y - a wand of clouds (3)
Scrolls
 c - 2 scrolls of enchant armour
 f - 5 scrolls of remove curse
 j - 2 scrolls of teleportation
 k - 2 scrolls of immolation
 o - 4 scrolls of fear
 q - a scroll of blinking {unknown}
 t - 2 scrolls of random uselessness {unknown}
 w - a scroll of fog {unknown}
Potions
 g - 3 potions of agility
 h - a potion of curing
 i - a potion of berserk rage {unknown}
 l - 2 potions of might
 n - 2 potions of mutation
 r - 2 potions of heal wounds
 z - a potion of degeneration {unknown}
 A - a potion of lignification {unknown}
 E - a potion of brilliance {unknown}
Comestibles
 d - 14 rations
 F - 2 chunks of flesh


   Skills:
 + Level 6.7 Fighting
 + Level 4.7 Short Blades
 + Level 4.7 Long Blades
 + Level 4.7 Axes
 + Level 6.7 Maces & Flails
 + Level 4.7 Polearms
 + Level 4.7 Staves
 + Level 4.7 Slings
 + Level 4.7 Bows
 + Level 4.7 Crossbows
 + Level 4.7 Throwing
 + Level 5.4 Armour
 + Level 6.7 Dodging
 + Level 4.7 Stealth
 + Level 4.7 Shields
 + Level 4.7 Unarmed Combat
 + Level 7.0 Spellcasting
 + Level 3.9 Conjurations
 + Level 3.9 Hexes
 + Level 6.8 Charms
 + Level 3.9 Summonings
 + Level 3.9 Necromancy
 + Level 3.9 Translocations
 + Level 3.9 Transmutations
 + Level 3.9 Fire Magic
 + Level 3.9 Ice Magic
 + Level 3.9 Air Magic
 + Level 3.9 Earth Magic
 + Level 3.9 Poison Magic
 + Level 5.2 Invocations
 + Level 4.7 Evocations


You had 5 spell levels left.
You knew the following spells:

 Your Spells              Type           Power        Failure   Level  Hunger
a - Infusion              Chrm           ####         1%          1    None
b - Song of Slaying       Chrm           ####....     1%          2    None
c - Shroud of Golubria    Chrm/Tloc      ###.......   2%          2    None
d - Regeneration          Chrm/Necr      ###.......   4%          3    ##.....
e - Spectral Weapon       Hex/Chrm       ###.....     4%          3    ##.....
f - Swiftness             Chrm/Air       ###.....     2%          2    None
g - Shock                 Conj/Air       ###.         2%          1    None
h - Airstrike             Air            ###.......   28%         4    ####...


Dungeon Overview and Level Annotations

Branches:
Dungeon (8/15)             Temple (0/1) D:4
   Lair: D:8-11

Altars:
Cheibriados
Gozag
Kikubaaqudgha
Okawaru
Qazlal
Sif Muna
Yredelemnul


Innate Abilities, Weirdness & Mutations

Your experience applies equally to all skills.
You have very sharp teeth.
Your uncanny sense of smell can sniff out nearby items.
You are partially covered in rugged brown scales. (AC +1, +3% HP)
You are agile. (Dex +2)


Message History

The rust devil is severely wounded.
Your skin stops crawling.
The orc warrior barely misses you. x2; The rust devil hits you.
The rust devil corrodes you!
You hit the rust devil but do no damage.
The rust devil is severely wounded.
The orc warrior misses you. The rust devil hits you!
The rust devil corrodes you! The orc warrior closely misses you.
You can't go up here!
Your song is almost over.
The rust devil closely misses you.
You climb downwards.
There is a stone staircase leading up here.
You block the rust devil's attack. The orc warrior hits you with a flail!!
* * * LOW HITPOINT WARNING * * *
The rust devil hits you.
* * * LOW HITPOINT WARNING * * *
The rust devil corrodes you!
The orc warrior hits you with a long sword!
You die...

#.###.....## #.# #.#
##...########.#
#######.##
##..........<#
.........#
#..##########
#######..# #..#...
#..# #<.#.# #..#
#.4o.#
#########..#####o###
................@#
##################


You could see a rust devil and 2 orc warriors.

Vanquished Creatures
  A cyclops (D:7)
  A manticore (D:8)
  The ghost of harakhte the Charmwright, an amateur GnSk of Makhleb (D:4)
  2 sky beasts
  A phantom (D:5)
  2 ice beasts
  A necrophage (D:8)
  4 ogres
  A big kobold (D:7)
  3 bullfrogs
  2 scorpions (D:4)
  4 wights (D:6)
  5 crimson imps
  4 hounds
  A quasit (D:7)
  3 orc priests
  Crazy Yiuf (D:2)
  2 bullfrog skeletons
  3 jellies
  Jessica (D:2)
  An iguana (D:7)
  9 orc wizards
  A worker ant (D:6)
  A hound skeleton (D:4)
  A howler monkey skeleton (D:4)
  An adder (D:8)
  An ooze (D:1)
  A worm (D:2)
  A dart slug (D:1)
  2 leopard geckos
  12 orcs
  3 giant cockroaches
  4 goblins
  5 jackals
  2 quokkas
  A ball python (D:1)
  5 bats
  3 frilled lizards
  11 kobolds
  A quokka skeleton (D:6)
  5 rats
114 creatures vanquished.

Vanquished Creatures (others)
  4 spectral weapons
4 creatures vanquished.

Grand Total: 118 creatures vanquished

Notes
Turn   | Place    | Note
-------+----------+-------------------------------------------
     0 | D:1      | GizzardofKazz the Gnoll Skald began the quest for the Orb.
     0 | D:1      | Reached XP level 1. HP: 20/20 MP: 6/6
    69 | D:1      | Reached XP level 2. HP: 17/26 MP: 3/7
   534 | D:1      | Learned a level 2 spell: Song of Slaying
   537 | D:1      | Learned a level 2 spell: Shroud of Golubria
   784 | D:2      | Reached XP level 3. HP: 14/31 MP: 2/9
  1092 | D:2      | Reached skill level 5 in Spellcasting
  1481 | D:2      | Found a runed door.
  1489 | D:2      | Learned a level 3 spell: Regeneration
  1493 | D:2      | Learned a level 3 spell: Spectral Weapon
  1497 | D:2      | Noticed Crazy Yiuf
  1504 | D:2      | Killed Crazy Yiuf
  1504 | D:2      | Reached skill level 1 in Short Blades
  1504 | D:2      | Reached skill level 1 in Long Blades
  1504 | D:2      | Reached skill level 1 in Axes
  1504 | D:2      | Reached skill level 1 in Polearms
  1504 | D:2      | Reached skill level 1 in Staves
  1504 | D:2      | Reached skill level 1 in Slings
  1504 | D:2      | Reached skill level 1 in Bows
  1504 | D:2      | Reached skill level 1 in Crossbows
  1504 | D:2      | Reached skill level 1 in Throwing
  1504 | D:2      | Reached skill level 1 in Stealth
  1504 | D:2      | Reached skill level 1 in Shields
  1504 | D:2      | Reached skill level 1 in Unarmed Combat
  1504 | D:2      | Reached skill level 1 in Invocations
  1504 | D:2      | Reached skill level 1 in Evocations
  1504 | D:2      | Reached XP level 4. HP: 37/38 MP: 0/11
  1582 | D:2      | Noticed Jessica
  1590 | D:2      | Killed Jessica
  2043 | D:3      | Found a stormy altar of Qazlal.
  2163 | D:3      | Found an ancient bone altar of Kikubaaqudgha.
  2288 | D:3      | Found a deep blue altar of Sif Muna.
  2590 | D:4      | Noticed an ogre
  2599 | D:4      | Killed an ogre
  2599 | D:4      | Reached skill level 1 in Conjurations
  2599 | D:4      | Reached skill level 1 in Hexes
  2599 | D:4      | Reached skill level 1 in Summonings
  2599 | D:4      | Reached skill level 1 in Necromancy
  2599 | D:4      | Reached skill level 1 in Translocations
  2599 | D:4      | Reached skill level 1 in Transmutations
  2599 | D:4      | Reached skill level 1 in Fire Magic
  2599 | D:4      | Reached skill level 1 in Ice Magic
  2599 | D:4      | Reached skill level 1 in Air Magic
  2599 | D:4      | Reached skill level 1 in Earth Magic
  2599 | D:4      | Reached skill level 1 in Poison Magic
  2599 | D:4      | Reached XP level 5. HP: 14/43 MP: 0/12
  2968 | D:4      | Reached XP level 6. HP: 17/50 MP: 4/13
  3289 | D:4      | Reached skill level 5 in Fighting
  3289 | D:4      | Reached skill level 5 in Maces & Flails
  3289 | D:4      | Reached skill level 5 in Dodging
  3634 | D:4      | Reached XP level 7. HP: 34/56 MP: 11/15
  3643 | D:4      | Learned a level 2 spell: Swiftness
  3645 | D:4      | Learned a level 1 spell: Shock
  3808 | D:4      | Found an iron altar of Okawaru.
  3824 | D:4      | Became a worshipper of Warmaster Okawaru
  3852 | D:4      | Noticed harakhte's ghost (amateur GnSk)
  3916 | D:4      | Killed harakhte's ghost
  4382 | D:4      | Found a staircase to the Ecumenical Temple.
  4442 | D:5      | Entered Level 5 of the Dungeon
  4584 | D:5      | Reached * piety under Okawaru
  4622 | D:5      | Reached XP level 8. HP: 61/63 MP: 0/16
  4894 | D:5      | Found a basalt altar of Yredelemnul.
  5910 | D:6      | Found an opulent altar of Gozag.
  5974 | D:6      | Reached skill level 6 in Spellcasting
  6127 | D:6      | Gained mutation: You are partially covered in rugged brown scales. (AC +1, +3% HP) [potion of mutation]
  6127 | D:6      | Gained mutation: You are agile. (Dex +2) [potion of mutation]
  6155 | D:6      | Reached ** piety under Okawaru
  6547 | D:6      | Reached XP level 9. HP: 69/71 MP: 14/18
  6992 | D:7      | Found a snail-covered altar of Cheibriados.
  7076 | D:7      | Learned a level 4 spell: Airstrike
  7243 | D:7      | Reached *** piety under Okawaru
  7362 | D:7      | Noticed a cyclops
  7395 | D:7      | Killed a cyclops
  7395 | D:7      | Reached skill level 5 in Armour
  8260 | D:8      | Noticed a manticore
  8265 | D:8      | Reached skill level 5 in Invocations
  8274 | D:8      | Killed a manticore
  8274 | D:8      | Reached **** piety under Okawaru
  8274 | D:8      | Reached skill level 7 in Spellcasting
  8274 | D:8      | Reached XP level 10. HP: 25/79 MP: 14/20
  8713 | D:7      | Noticed a rust devil
  8713 | D:7      | Noticed a rust devil
  8736 | D:8      | Slain by an orc warrior

Vault maps used:
D:1:      tarquinn_simple_flora_water_d, minmay_cut_off
D:2:      kennysheep_cluttered_room, st_stairs_10, uniq_jessica,
          uniq_crazy_yiuf_cottage
D:3:      kiku_gazebo_garden_becter, led_sif_pool,
          nicolae_overflow_crystal_walls, nicolae_overflow_hidden_temple,
          first_ration
D:4:      lemuel_temple_firewalk_b, kennysheep_big_empty_room,
          okawaru_ov_weapons_minmay
D:5:      lemuel_crystal_altar, grunt_ministairs_5
D:6:      kennysheep_little_box, hangedman_decor_points
D:7:      cheibrodos_iron_armory, basic_altar

Skill      XL: |  1  2  3  4  5  6  7  8  9 |
---------------+----------------------------+-----
Spellcasting   | 5 6 7 |  7.0
Short Blades   | 1 2 3 4 |  4.7
Long Blades    | 1 2 3 4 |  4.7
Axes           | 1 2 3 4 |  4.7
Polearms       | 1 2 3 4 |  4.7
Staves         | 1 2 3 4 |  4.7
Slings         | 1 2 3 4 |  4.7
Bows           | 1 2 3 4 |  4.7
Crossbows      | 1 2 3 4 |  4.7
Throwing       | 1 2 3 4 |  4.7
Stealth        | 1 2 3 4 |  4.7
Shields        | 1 2 3 4 |  4.7
Unarmed Combat | 1 2 3 4 |  4.7
Invocations    | 1 2 3 4 5 |  5.2
Evocations     | 1 2 3 4 |  4.7
Armour         | 3 4 5 |  5.4
Conjurations   | 1 2 3 |  3.9
Hexes          | 1 2 3 |  3.9
Summonings     | 1 2 3 |  3.9
Necromancy     | 1 2 3 |  3.9
Translocations | 1 2 3 |  3.9
Transmutations | 1 2 3 |  3.9
Fire Magic     | 1 2 3 |  3.9
Ice Magic      | 1 2 3 |  3.9
Air Magic      | 1 2 3 |  3.9
Earth Magic    | 1 2 3 |  3.9
Poison Magic   | 1 2 3 |  3.9
Fighting       | 5 6 |  6.7
Maces & Flails | 5 6 |  6.7
Dodging        | 5 6 |  6.7
Charms         | 6 |  6.8

Action                   |  1- 3 |  4- 6 |  7- 9 | 10-12 || total
-------------------------+-------+-------+-------+-------++-------
Melee: Mace              |    15 |       |       |       ||    15
       Whip              |    50 |   106 |   155 |       ||   311
       Bite              |     4 |    20 |    40 |     3 ||    67
       Punch             |       |     2 |     1 |       ||     3
       Flail             |       |       |   176 |    14 ||   190
 Cast: Infusion          |     7 |     7 |    32 |     2 ||    48
       Song of Slaying   |     2 |     2 |    11 |     1 ||    16
       Shroud of Golubri |     2 |       |       |       ||     2
       Spectral Weapon   |     1 |     2 |     2 |       ||     5
       Regeneration      |       |     3 |     5 |     1 ||     9
       Shock             |       |       |    11 |       ||    11
       Swiftness         |       |       |     1 |       ||     1
  Use: Scroll            |     1 |       |     5 |     2 ||     8
       Potion            |       |       |     4 |     3 ||     7
 Stab: Sleeping          |     1 |       |     4 |     1 ||     6
  Eat: Chunk             |     1 |     8 |    10 |       ||    19
       Ration            |       |       |     2 |       ||     2
Armor: Leather armour    |    11 |    25 |    71 |     1 ||   108
Dodge: Dodged            |    54 |    85 |   184 |    18 ||   341
Block: Buckler           |     1 |       |    50 |     9 ||    60

Table legend:
 A = Spawn XP
 B = Non-spawn XP
 C = Spawn XP percentage of total XP
 D = Spawn monster count
 E = Non-spawn monster count
 F = Spawn count percentage of total count
 G = Total turns spent on level
                    A         B        C        D         E        F      G
               +---------+---------+-------+---------+---------+-------+---------
         Total |       0 |    4805 |   0.0 |       0 |     114 |   0.0 |  8736
               +---------+---------+-------+---------+---------+-------+---------
           D:1 |       0 |      28 |   0.0 |       0 |      16 |   0.0 |   773
           D:2 |       0 |      94 |   0.0 |       0 |       9 |   0.0 |  1019
           D:3 |       0 |       8 |   0.0 |       0 |       5 |   0.0 |   734
           D:4 |       0 |     797 |   0.0 |       0 |      17 |   0.0 |  1916
           D:5 |       0 |     559 |   0.0 |       0 |      14 |   0.0 |  1361
           D:6 |       0 |    1179 |   0.0 |       0 |      27 |   0.0 |  1203
           D:7 |       0 |    1413 |   0.0 |       0 |      21 |   0.0 |  1236
           D:8 |       0 |     727 |   0.0 |       0 |       5 |   0.0 |   494
               +---------+---------+-------+---------+---------+-------+---------
